 Dungeon Crawl Stone Soup version 0.16-a0-3187-geb38783 (webtiles) character file.

60 Herrn the Insei (level 4, -3/29 HPs)
             Began as an Octopode Transmuter on Dec 17, 2014.
             Slain by Crazy Yiuf
             ... wielding a +4 quarterstaff of chaos
              (12 damage)
             ... on level 3 of the Dungeon.
             The game lasted 00:08:46 (2798 turns).

Herrn the Insei (Octopode Transmuter)               Turns: 2798, Time: 00:08:47

Health: -3/29      AC:  1    Str:  9    XL:     4   Next: 6%
Magic:  4/7        EV: 12    Int: 16    God:
Gold:   72         SH:  0    Dex: 12    Spells: 2 memorised, 3 levels left

rFire  . . .     SeeInvis .       - Unarmed
rCold  . . .     Clarity  .     (no shield)
rNeg   . . .     SustAb   .     (helmet restricted)
rPois  .         Gourm    .     (no amulet)
rElec  .         Spirit   .     (no ring)
rCorr  .         Warding  .     (no ring)
rMut   .         Stasis   .     (no ring)
MR     .....                    (no ring)
Stlth  ++........               (no ring)
                                (no ring)
                                (no ring)
                                (no ring)

@: lethally poisoned, not resistant to hostile enchantments, unstealthy
A: almost no armour, amphibious, 8 rings, constrict 8, camouflage 1, gelatinous
body 1
a: no special abilities


You were on level 3 of the Dungeon.
You were hungry.

You visited 1 branch of the dungeon, and saw 3 of its levels.

You collected 72 gold pieces.

Inventory:

Missiles
 f - 13 poisoned arrows
 o - 29 arrows
Jewellery
 t - a cursed amulet of inaccuracy {unknown}
Scrolls
 b - a scroll of blinking {unknown}
 g - a scroll of amnesia {unknown}
 j - 2 scrolls of recharging {unknown}
 k - 5 scrolls of remove curse
 m - 3 scrolls of noise {unknown}
 p - 2 scrolls of random uselessness {unknown}
 r - 4 scrolls of identify {unknown}
 y - 2 scrolls of enchant armour {unknown}
 z - a scroll of fear {unknown}
Potions
 c - a potion of might {unknown}
 e - a potion of haste {unknown}
 h - a potion of curing {unknown}
 i - a potion of restore abilities {unknown}
 l - 2 potions of cancellation
 s - a potion of flight {unknown}
 u - 2 potions of poison {unknown}
 v - a potion of lignification {unknown}
 x - a potion of heal wounds
Books
 d - a book of Changes

   Spells                             Type                      Level
   a - Beastly Appendage              Transmutation                1
   b - Sticks to Snakes               Transmutation                2
   c - Spider Form                    Transmutation/Poison         3
   d - Ice Form                       Ice/Transmutation            4
   e - Blade Hands                    Transmutation                5
Comestibles
 a - 2 bread rations
 n - a meat ration
 q - a royal jelly
 w - a chunk of flesh


   Skills:
 + Level 2.0 Fighting
 + Level 2.2 Dodging
 * Level 3.6 Unarmed Combat
 - Level 2.2 Spellcasting
 * Level 2.6 Transmutations


You had 3 spell levels left.
You knew the following spells:

 Your Spells              Type           Power        Failure   Level  Hunger
a - Beastly Appendage     Trmt           ##....       10%         1    #......
b - Spider Form           Trmt/Pois      #.........   38%         3    ###....


Dungeon Overview and Level Annotations

Branches:
Dungeon (3/15)

Altars:
Gozag
Makhleb
Sif Muna

Annotations:
D:3 Crazy Yiuf


Innate Abilities, Weirdness & Mutations

You cannot wear most types of armour.
You are amphibious.
You can wear up to eight rings at the same time.
You can use your tentacles to constrict many enemies at once.
Your skin changes colour to match your surroundings (Stealth).
Your rubbery body absorbs attacks (AC +1).


Message History

Crazy Yiuf is heavily wounded.
You constrict Crazy Yiuf.
Crazy Yiuf hits you with a quarterstaff of chaos.
You are poisoned.
You tentacle-slap Crazy Yiuf.
Crazy Yiuf is heavily wounded.
You constrict Crazy Yiuf.
You feel sick.
Crazy Yiuf says, "Peeping!
You infinity hand."
Crazy Yiuf hits you with a quarterstaff of chaos!
Drink which item? (? for menu, Esc to quit)
It was a potion of cancellation.
Your magical effects are unravelling.
You feel magically purged.
You constrict Crazy Yiuf.
You feel sick.
You tentacle-slap Crazy Yiuf but do no damage.
Crazy Yiuf is severely wounded.
Your tentacle spike disappears.
You constrict Crazy Yiuf.
You feel sick.
Crazy Yiuf yells, "Whippet!
Goober Xom childish."
Crazy Yiuf hits you with a quarterstaff of chaos!
You die...

......>.##.# #....#
...........# #P...#
#######.#### ##PP.#
#######.# ##.## .....##)#
##.# ####.##.# #.## ##
#.##.## ##.# .# #.#...#
#.## .# #..#.#.# #@# .#
#.##.##.# #.g.# ## #.##.#
.# #...# #### # #.##.##[#
#)..# #..# # #......# #####
##)### ######....## #...#
...........##############.#
..).....#####.#.#.#...#...#
#######.# #.##.####.#.###


You could see Crazy Yiuf.

Vanquished Creatures
  An adder (D:2)
  A giant mite (D:2)
  A giant gecko (D:1)
  4 hobgoblins (D:1)
  2 jackals (D:2)
  A quokka (D:3)
  6 bats
  4 giant cockroaches
  3 giant newts
  5 goblins
  9 kobolds
  8 rats
45 creatures vanquished.

Notes
Turn   | Place    | Note
--------------------------------------------------------------
     0 | D:1      | Herrn, the Octopode Transmuter, began the quest for the Orb.
     0 | D:1      | Reached XP level 1. HP: 13/13 MP: 3/3
   404 | D:1      | Reached XP level 2. HP: 18/18 MP: 2/4
   994 | D:2      | Reached XP level 3. HP: 23/23 MP: 4/6
  1244 | D:2      | Learned a level 3 spell: Spider Form
  1960 | D:2      | Found an opulent altar of Gozag.
  1970 | D:2      | Found a burning altar of Makhleb.
  1972 | D:2      | Found a deep blue altar of Sif Muna.
  2483 | D:3      | Reached XP level 4. HP: 24/29 MP: 7/7
  2787 | D:3      | Noticed Crazy Yiuf
  2798 | D:3      | Slain by Crazy Yiuf

Action                   |  1- 3 |  4- 6 || total
-------------------------+-------+-------++-------
Melee: Unarmed           |    97 |    10 ||   107
 Cast: Beastly Appendage |    24 |     4 ||    28
  Use: Potion            |     1 |     1 ||     2
       Scroll            |     1 |       ||     1
 Stab: Sleeping          |     1 |     1 ||     2
  Eat: Chunk             |     4 |       ||     4
       Pizza             |     1 |       ||     1
